 Dungeon Sprint DCSS version 0.29-a0-222-g5b244fca1f (webtiles) character file.

Game seed: 13241471271954578868

322 mhtbhm the Fighter (level 6, -8/69 HPs)
             Began as a Gargoyle Berserker on Feb 27, 2022.
             Was an Elder of Trog.
             Killed from afar by a deep elf pyromancer (23 damage)
             ... with a bolt of fire
             ... in the Dungeon (Sprint III: "The Ten Rune Challenge").
             The game lasted 00:00:55 (551 turns).

mhtbhm the Fighter (Gargoyle Berserker)              Turns: 551, Time: 00:00:56

Health: -8/69      AC:  6    Str: 22    XL:     6   Next: 47%
Magic:  6/6        EV: 13    Int:  8    God:    Trog [****..]
Gold:   33         SH:  0    Dex:  9    Spells: 5/5 levels left

rFire   . . .      SeeInvis .   a - +0 mace
rCold   . . .      Faith    .   (no shield)
rNeg    + . .      Spirit   .   b - +0 robe {Will+}
rPois   ∞          Reflect  .   (no helmet)
rElec   +          Harm     .   (no cloak)
rCorr   .          Rampage  .   (no gloves)
Will    +....      NoTele   +   (no boots)
Stlth   ..........              (no amulet)
HPRegen 1.01/turn               (no ring)
MPRegen 0.10/turn               (no ring)

@: berserking, very quick
A: sickness immunity, AC +4, negative energy resistance 1, electricity
resistance, torment resistance 1, petrification resistance, claws 1,
regeneration 1
a: Renounce Religion, Berserk, Trog's Hand, Brothers in Arms


You were in the Dungeon.
You worshipped Trog.
Trog was greatly pleased with you.
You visited 1 branch You collected 33 gold pieces.

Inventory:

Hand Weapons
 a - a +0 mace (weapon)
Armour
 b - a +0 robe of willpower (worn)
Wands
 n - a wand of acid (4)
Scrolls
 h - a scroll of blinking
 j - 2 scrolls of holy word {unknown}
 k - 3 scrolls of identify
Potions
 c - a potion of curing
 d - a potion of heal wounds
 e - a potion of haste
 f - 2 potions of magic
 g - a potion of berserk rage
 i - a potion of might {unknown}
 l - 4 potions of flight
 m - 3 potions of mutation


   Skills:
 + Level 9.0 Fighting
 + Level 8.8 Maces & Flails
 + Level 4.9 Armour
 + Level 4.9 Dodging
 + Level 0.4 Stealth


You had 5 spell levels left.
You didn't know any spells.
Your spell library was empty.

Dungeon Overview and Level Annotations

Branches:
Dungeon (1/1)

Altars:
Dithmenos
Elyvilon
Kikubaaqudgha
Ru
Sif Muna
Vehumet
Yredelemnul
Zin
The Shining One


Innate Abilities, Weirdness & Mutations

You are immune to sickness and miasma.
Your stone body is resilient. (AC +4)
You are immune to poison.
You resist negative energy. (rN+)
You are resistant to electric shocks. (rElec)
You are resistant to unholy torment.
You are immune to petrification.
You have sharp fingernails.
Your natural rate of healing is unusually fast.


Message History

Aiming: Corrosive Bolt
Press: ? - help, Shift-Dir - straight line, f - deep elf pyromancer
Aim: a deep elf pyromancer, wielding a +3 long sword of holy wrath (60% to hit)
The bolt of acid hits the deep elf pyromancer!
The acid corrodes the deep elf pyromancer!
The deep elf pyromancer is lightly wounded.
The deep elf pyromancer hits you with a +3 long sword of holy wrath!
Unknown command.
You hit the deep elf pyromancer.
The deep elf pyromancer is moderately wounded.
The deep elf pyromancer gestures at you while chanting.
The bolt of fire misses you.
You sock the deep elf pyromancer!
The deep elf pyromancer is severely wounded.
The deep elf pyromancer closely misses you.
You barely miss the deep elf pyromancer.
The deep elf pyromancer is severely wounded.
The deep elf pyromancer points at you and mumbles some strange words.
The bolt of fire hits you!!
Ouch! That really hurt!
* * * LOW HITPOINT WARNING * * *
You are too injured to fight recklessly!
You are too injured to fight recklessly!
You are too injured to fight recklessly!
You are too injured to fight recklessly!
You are too injured to fight recklessly!
You are too injured to fight recklessly!
You are too injured to fight recklessly!
You are too injured to fight recklessly!
You are too injured to fight recklessly!
You are too injured to fight recklessly!
You are too injured to fight recklessly!
You are too injured to fight recklessly!
You are too injured to fight recklessly!
You are too injured to fight recklessly!
A red film seems to cover your vision as you go berserk!
You feel yourself moving faster!
You feel mighty!
The deep elf pyromancer points at you and mumbles some strange words.
The bolt of fire hits you!!
You die...

▓▓▓▓▓▓▓ ▓▓▓ .'....♣♣
♣.##### #### .#.....♣
♣.#___# #__# ##....♣♣♣
♣.#!e.# #._# .#....≈.♣
♣.###@#+###)##
.#†..≈≈.♣♣♣♣.#..........#
.#..≈≈≈≈♣..♣.'.⌠........#
'#..≈≈≈≈≈≈...#...######+#
.#.≈≈≈≈≈≈....#.⌠.#
.#.≈≈≈≈≈.....#...#
.#.≈≈≈.......#)###
##...........#.:.#
.............#___#


You could see a deep elf pyromancer (corroded).

Vanquished Creatures
  A necrophage (D)
  A water elemental (D)
  A scorpion (D)
  Jessica (D)
  A wizard (D)
  A necromancer (D)
  A human (D)
  A kobold demonologist (D)
  An endoplasm (D)
  2 rats (D)
11 creatures vanquished.

Notes
Turn   | Place    | Note
-------+----------+-------------------------------------------
     0 | D        | mhtbhm the Gargoyle Berserker began the quest for the Orb.
     0 | D        | Reached XP level 1. HP: 14/14 MP: 1/1
    28 | D        | Noticed Jessica
    34 | D        | Killed Jessica
    34 | D        | Reached ** piety under Trog
    35 | D        | Reached skill level 5 in Fighting
    35 | D        | Reached XP level 2. HP: 12/21 MP: 2/2
    35 | D        | Reached XP level 3. HP: 15/26 MP: 3/3
   191 | D        | Reached skill level 5 in Maces & Flails
   292 | D        | Noticed a scorpion
   304 | D        | Killed a scorpion
   305 | D        | Reached skill level 6 in Fighting
   305 | D        | Reached XP level 4. HP: 19/32 MP: 4/4
   327 | D        | Gained mutation: You are frail. (-10% HP) [potion of
                  | mutation]
   328 | D        | Lost mutation: You are frail. (-10% HP) [potion of
                  | mutation]
   328 | D        | Gained mutation: Your natural rate of healing is unusually
                  | fast. [potion of mutation]
   328 | D        | Gained mutation: You have sharp fingernails. [potion of
                  | mutation]
   349 | D        | Noticed a water elemental
   356 | D        | Killed a water elemental
   356 | D        | Reached *** piety under Trog
   357 | D        | Reached skill level 7 in Fighting
   357 | D        | Reached XP level 5. HP: 39/39 MP: 5/5
   432 | D        | Found a basalt altar of Yredelemnul.
   432 | D        | Found a shadowy altar of Dithmenos.
   432 | D        | Found a sacrificial altar of Ru.
   432 | D        | Noticed a necrophage
   457 | D        | Killed a necrophage
   458 | D        | Reached skill level 8 in Fighting
   458 | D        | Reached XP level 6. HP: 19/45 MP: 6/6
   497 | D        | Found a radiant altar of Vehumet.
   497 | D        | Found a shimmering blue altar of Sif Muna.
   497 | D        | Found an ancient bone altar of Kikubaaqudgha.
   500 | D        | Reached **** piety under Trog
   504 | D        | Reached skill level 9 in Fighting
   545 | D        | Found a glowing silver altar of Zin.
   545 | D        | Found a glowing golden altar of the Shining One.
   545 | D        | Found a white marble altar of Elyvilon.
   546 | D        | Noticed a deep elf pyromancer
   551 | D        | Killed from afar by a deep elf pyromancer

Illustrated notes

Levels and vault maps discovered:
D:        dungeon_sprint_mu [sprint_mu_entry_forest, sprint_mu_temple_rooms,
          sprint_mu_d1_horrors, sprint_mu_d2_genie, sprint_mu_d3_branching,
          sprint_mu_orc_legion, sprint_mu_elf_gauntlet, sprint_mu_hive_nellie,
          sprint_mu_lair_fedhas, sprint_mu_vaults_butterflies,
          sprint_mu_slime_circle, sprint_mu_swamp_cave, sprint_mu_snake_twists,
          sprint_mu_blade_basic, sprint_mu_crypt_chambers,
          sprint_mu_tomb_spiral, sprint_mu_vestibule_basic,
          sprint_mu_gehenna_hellfire, sprint_mu_dis_giant,
          sprint_mu_tartarus_statrot, sprint_mu_cocytus_islands, sprint_mu_zot1]

Skill      XL: |  1  2  3  4  5  6 |
---------------+-------------------+-----
Fighting       | 5 6 7 8 9 |  9.0
Maces & Flails | 4 6 7 8 |  8.8
Dodging        | 2 3 4 |  4.9
Armour         | 3 4 |  4.9
Stealth        | |  0.4

Action                   |  1- 3 |  4- 6 || total
-------------------------+-------+-------++-------
Melee: Mace              |    27 |    39 ||    66
Invok: Berserk           |     1 |     3 ||     4
Evoke: Wand              |       |     1 ||     1
  Use: Potion            |       |     2 ||     2
Armor: Animal skin       |     4 |       ||     4
       Robe              |     3 |     3 ||     6
Dodge: Dodged            |    23 |    12 ||    35

Table legend: (Time is in decaauts)
 A = Elapsed time spent in this place.
 B = Non-inter-level travel time spent in this place.
 C = Inter-level travel time spent in this place.
 D = Time resting spent in this place.
 E = Time spent auto-exploring this place.
 F = Levels seen in this place.
 G = Mean time per level.
                   A        B        C        D        E       F      G
               +--------+--------+--------+--------+--------+-----+--------+
         Total |    584 |    584 |      0 |    363 |      1 |   1 |  584.0 |
       Dungeon |    584 |    584 |      0 |    363 |      1 |   1 |  584.0 |
               +--------+--------+--------+--------+--------+-----+--------+

Top non-repeatable levels by time:
       D: 584 daAuts
